Map: Romanticide LE

Players

DPGRogue (Rogue)

  • Race: Zerg Zerg
  • Spawn Location: 5:00

Stats - Winner!

  • Race: Protoss Protoss
  • League: Grandmaster
  • Spawn Location: 11:00

Event: StayAtHome Story Cup #3

VOD

Have the link to the VOD?

Description

Time

  • Played on: March 14, 2021, 2:42 p.m.
  • Length: 11:26

All games in this series

Show
View Real Time Build Order
Export as new Build Order

DPGRogue Zerg 

Build Orders: Hatch First, Roach Hydra 

Get SALT Encoding   

  12  0:00  Drone  
  13  0:12  Overlord  
  13  0:17  Drone  
  14  0:31  Drone x2  
  16  0:48  Hatchery  
  15  0:51  Drone  
  15  0:55  Drone  
  17  0:57  Drone  
  18  1:09  Extractor  
  17  1:14  Spawning Pool  
  17  1:17  Drone  
  17  1:20  Drone  
  18  1:28  Drone  
  19  1:38  Overlord  
  19  1:49  Drone  
  20  2:00  Queen  
  22  2:01  Queen, Zergling x2  
  22  2:02  Zergling x2  
  26  2:11  Drone x2  
  26  2:13  Metabolic Boost  
  28  2:22  Drone x2  
  30  2:32  Drone x2  
  32  2:43  Drone  
  33  2:44  Hatchery  
  33  2:45  Zergling x2  
  33  2:52  Queen  
  33  2:56  Overlord  
  34  2:58  Drone  
  35  3:14  Drone x4  
  35  3:15  Zergling x4  
  35  3:17  Queen  
  43  3:20  Overlord  
  43  3:29  Overlord  
  43  3:37  Drone  
  43  3:38  Overlord  
  43  3:39  Drone  
  44  3:44  Overlord  
  44  3:47  Queen  
  46  3:49  Drone  
  46  3:50  Drone x3  
  46  3:54  Spore Crawler  
  49  3:56  Drone x2  
  49  3:59  Queen  
  49  4:02  Zergling x2  
  54  4:04  Drone  
  54  4:06  Drone x2  
  54  4:08  Drone  
  58  4:13  Drone x2  
  60  4:20  Spore Crawler  
  60  4:21  Drone  
  60  4:22  Drone x2  
  60  4:23  Spore Crawler  
  61  4:26  Queen  
  61  4:31  Zergling x6  
  66  4:37  Extractor, Queen  
  67  4:41  Drone x3  
  70  4:48  Roach Warren, Lair  
  70  4:52  Drone x4  
  71  4:55  Drone  
  71  4:58  Overlord  
  72  5:01  Extractor, Overlord  
  72  5:03  Drone x3  
  74  5:07  Overlord  
  74  5:10  Evolution Chamber, Overlord  
  74  5:11  Drone  
  73  5:17  Zergling x10  
  73  5:20  Overlord  
  78  5:22  Drone  
  78  5:24  Queen  
  79  5:29  Extractor  
  79  5:32  Drone x4  
  79  5:33  Drone  
  83  5:35  Drone  
  83  5:36  Drone  
  83  5:40  Roach x2  
  89  5:45  Roach x2  
  89  5:49  Evolution Chamber, Roach  
  94  5:51  Evolution Chamber  
  94  5:52  Roach  
  94  5:55  Roach  
  94  5:56  Roach  
  95  6:05  Roach x5  
  95  6:08  Drone x2  
  96  6:15  Drone x5  
  96  6:19  Drone  
  96  6:22  Glial Reconstitution  
  98  6:25  Drone x2  
  98  6:28  Drone  
  98  6:29  Drone x2  
  98  6:32  Extractor  
  97  6:33  Drone  
  97  6:34  Extractor, Drone  
  97  6:36  Drone  
  97  6:38  Hydralisk Den  
  97  6:39  Overseer  
  98  6:41  Drone  
  98  6:43  Drone x3  
  102  6:50  Pneumatized Carapace  
  102  6:53  Drone x3  
  105  6:58  Overlord  
  105  7:08  Hatchery  
  105  7:09  Grooved Spines  
  105  7:10  Drone  
  105  7:11  Zerg Missile Weapons Level 1  
  105  7:14  Overlord  
  105  7:15  Zergling x4  
  107  7:16  Zergling x4  
  107  7:19  Overseer  
  107  7:20  Zerg Ground Armor Level 1  
  109  7:25  Drone x2  
  109  7:29  Overlord  
  111  7:30  Zergling x8  
  115  7:42  Hydralisk  
  115  7:43  Hydralisk x5  
  127  7:47  Overlord  
  127  7:50  Overlord  
  127  7:58  Overlord x2  
  127  8:01  Extractor  
  124  8:05  Hydralisk  
  124  8:06  Hydralisk x5  
  124  8:12  Drone x5  
  142  8:16  Hydralisk x3  
  148  8:22  Muscular Augments  
  148  8:24  Ravager  
  148  8:25  Ravager x2  
  148  8:26  Roach  
  152  8:29  Roach  
  152  8:31  Overlord x2, Roach x2  
  160  8:34  Roach  
  160  8:36  Roach  
  160  8:37  Roach  
  160  8:39  Roach  
  160  8:40  Overlord  
  166  8:53  Roach  
  166  8:54  Roach x7  
  182  8:56  Overlord  
  182  9:03  Extractor, Roach x3  
  182  9:04  Overlord  
  187  9:13  Roach  
  187  9:14  Roach x3  
  195  9:18  Roach x2  
  199  9:26  Infestation Pit  
  199  9:28  Extractor  
  196  9:35  Roach  
  196  9:36  Hatchery  
  196  9:38  Roach  
  199  9:46  Drone  
  199  9:52  Roach  
  194  10:02  Overlord x2  
  194  10:04  Roach  
  176  10:09  Overlord  
  174  10:15  Lurker Den, Roach  
  174  10:16  Roach  
  174  10:21  Roach  
  175  10:23  Roach x6  
  175  10:24  Overlord, Roach x3  
  175  10:27  Overlord  
  169  10:30  Zergling x18  
  169  10:31  Zergling x8  
  169  10:34  Ravager x6  
  182  10:36  Zergling x2  
  182  10:37  Zergling x2  
  182  10:39  Zergling x4  
  182  10:41  Zergling x2  
  182  10:42  Zergling x4  
  189  10:44  Zergling x4  
  189  10:45  Zergling x2  
  189  10:47  Ravager x2  
  189  10:48  Ravager x2  
  196  10:50  Zergling x2  
  196  10:53  Zergling x6  
  176  11:06  Roach  
  176  11:07  Roach x7  
Show
View Real Time Build Order
Export as new Build Order

Stats Protoss - Winner!

Build Orders: 1 Gate Expand, Oracle Opening 

Get SALT Encoding   

  12  0:00  Probe  
  13  0:13  Pylon  
  13  0:18  Probe (Chrono Boost)  
  14  0:27  Probe (Chrono Boost)  
  15  0:32  Probe  
  16  0:41  Gateway  
  16  0:44  Probe  
  16  0:47  Assimilator  
  17  0:56  Probe  
  18  1:08  Probe  
  19  1:20  Probe  
  20  1:28  Nexus  
  20  1:35  Cybernetics Core  
  20  1:37  Probe  
  21  1:44  Assimilator  
  21  1:49  Probe  
  21  1:53  Pylon  
  22  2:01  Probe  
  23  2:09  Adept (Chrono Boost)  
  23  2:13  Probe  
  26  2:18  Stargate  
  26  2:25  Probe  
  26  2:29  Warp Gate  
  27  2:33  Adept  
  29  2:38  Probe (Chrono Boost)  
  29  2:40  Probe (Chrono Boost)  
  31  2:49  Probe (Chrono Boost)  
  31  2:50  Probe (Chrono Boost)  
  33  2:54  Probe (Chrono Boost)  
  33  2:55  Probe (Chrono Boost)  
  33  2:56  Void Ray (Chrono Boost)  
  35  3:03  Adept  
  41  3:07  Probe  
  41  3:08  Probe  
  43  3:16  Pylon  
  43  3:19  Probe  
  44  3:20  Probe  
  44  3:22  Gateway  
  45  3:31  Probe  
  45  3:34  Probe  
  47  3:36  Oracle  
  50  3:43  Probe  
  50  3:46  Probe  
  52  3:52  Nexus  
  52  3:55  Twilight Council  
  52  3:59  Pylon  
  52  4:03  Probe x2  
  54  4:16  Gateway x2  
  54  4:17  Probe x2  
  54  4:21  Adept  
  54  4:22  Adept  
  60  4:25  Resonating Glaives (Chrono Boost), Pylon  
  60  4:27  Assimilator  
  61  4:33  Probe  
  61  4:34  Probe  
  62  4:39  Assimilator  
  62  4:41  Pylon  
  62  4:48  Adept x2  
  62  4:52  Probe x2  
  68  5:06  Probe x2 (Chrono Boost)  
  71  5:10  Adept x3  
  71  5:11  Probe (Chrono Boost), Adept  
  78  5:16  Shield Battery  
  78  5:19  Probe x2 (Chrono Boost)  
  78  5:21  Probe (Chrono Boost)  
  80  5:26  Probe x2  
  82  5:31  Probe, Adept x4  
  91  5:38  Probe  
  91  5:39  Probe, Blink (Chrono Boost)  
  93  5:49  Forge  
  93  5:52  Pylon  
  93  6:04  Probe x2  
  93  6:06  Probe  
  93  6:10  Assimilator  
  82  6:14  Assimilator  
  82  6:15  Pylon  
  82  6:16  Probe x2  
  82  6:18  Probe, Sentry x4  
  77  6:21  Pylon  
  83  6:26  Protoss Ground Weapons Level 1 (Chrono Boost)  
  83  6:28  Probe x2  
  83  6:31  Robotics Facility  
  83  6:32  Probe  
  80  6:34  Gateway  
  80  6:37  Gateway  
  80  6:38  Gateway  
  80  6:39  Shield Battery  
  80  6:40  Gateway, Shield Battery  
  80  6:42  Stalker  
  80  6:43  Stalker x2  
  86  6:47  Stalker  
  86  6:49  Probe x2  
  86  6:53  Phoenix  
  86  6:54  Phoenix  
  90  7:03  Pylon  
  90  7:05  Pylon  
  90  7:10  Stalker x4  
  98  7:16  Warp Prism (Chrono Boost)  
  100  7:23  Robotics Bay  
  100  7:26  Robotics Facility  
  100  7:30  Pylon  
  100  7:34  Stalker x4  
  100  7:35  Stalker x2  
  113  7:58  Observer (Chrono Boost)  
  113  8:08  Stalker x5  
  113  8:09  Stalker x3  
  113  8:12  Photon Cannon, Colossus (Chrono Boost)  
  129  8:16  Colossus (Chrono Boost)  
  141  8:27  Nexus  
  141  8:29  Pylon x2  
  141  8:32  Extended Thermal Lance  
  141  8:33  Protoss Ground Weapons Level 2 (Chrono Boost)  
  141  8:48  Photon Cannon  
  141  8:54  Colossus (Chrono Boost)  
  147  8:57  Colossus (Chrono Boost)  
  153  9:03  Shield Battery  
  153  9:04  Shield Battery  
  153  9:06  Shield Battery  
  153  9:22  Probe x3  
  156  9:24  Assimilator  
  156  9:29  Assimilator  
  156  9:36  Templar Archives  
  156  9:37  Pylon  
  156  9:40  Pylon  
  156  9:42  Pylon  
  156  9:51  Stalker x3  
  156  9:52  Stalker x4  
  170  9:55  Stalker  
  172  10:13  Probe x3  
  170  10:14  Probe  
  170  10:15  Stalker x7  
  182  10:25  Stalker  
  182  10:27  Probe x2  
  180  10:30  Pylon  
  180  10:32  Pylon  
  180  10:33  Pylon  
  180  10:48  Probe x2  
  180  10:49  Stalker x3  
  188  10:50  Stalker  
  188  10:52  Stalker x2  
  168  11:15  Stalker x5  
  168  11:17  Stalker  
  152  11:18  Stalker  
  152  11:19  Stalker  
Tags
 
Add a new tag
Caveats
  • Supply blocks, unpowered buildings, or Contaminate may cause inaccurate times.
  • Supply counts are checked every 10 seconds.